 Dungeon Crawl Stone Soup version 0.30-a0-782-ge64f9170bb (webtiles) character file.

Game seed: 367512142764276482

112954 jt the Severer (level 16, -3/134 HPs)
             Began as a Mummy Cinder Acolyte on Feb 19, 2023.
             Was an Initiate of Ignis.
             Slain by a shock serpent (12 damage)
             ... on level 1 of the Snake Pit.
             The game lasted 02:06:52 (39142 turns).

jt the Severer (Mummy Cinder Acolyte)              Turns: 39142, Time: 02:06:53

Health: -3/134     AC: 22    Str: 22    XL:     16   Next: 12%
Magic:  28/28      EV:  9    Int: 20    God:    Ignis [......]
Gold:   1272       SH: 10    Dex: 12    Spells: 20/32 levels left

rFire   . . .      SeeInvis +    a - +2 broad axe (vamp)
rCold   + . .      Faith    +    F - +0 kite shield {reflect}
rNeg    + + +      Spirit   .    p - +1 pearl dragon scales
rPois   ∞          Reflect  +    g - +2 helmet {SInv}
rElec   .          Harm     .    h - scarf {repulsion}
rCorr   .          Rampage  .    O - +2 pair of gloves {Stlth+}
Will    ++...                    X - +1 pair of boots
Stlth   +                        (no amulet)
HPRegen 0.42/turn                J - ring "Zommos" {Wiz rPois Str-2 Dex+4}
MPRegen 0.21/turn                B - +6 ring of strength

@: studying Shields, repel missiles
A: cold resistance 1, negative energy resistance 3, torment resistance 2, heat
vulnerability 1, in touch with death 2, no potions, faith
a: Renounce Religion, Rising Flame


You were on level 1 of the Snake Pit.
You worshipped Ignis.
Ignis was noncommittal.
You visited 5 branches of the dungeon, and saw 24 of its levels.
You also visited: Volcano.

You collected 2795 gold pieces.
You spent 1523 gold pieces at shops.

Inventory:

Hand Weapons
 a - a +2 vampiric broad axe (weapon)
 b - a -1 hand axe of flaming
 j - a +2 demon whip of flaming
 q - a +0 arbalest
 t - the +8 flail of Shame {freeze, rF+}
   (You took it off a naga on level 2 of the Lair of Beasts)

   rF:        It protects you from fire.
 v - a +2 battleaxe of flaming
 C - a +1 demon trident of electrocution
 S - the +8 halberd "Hydrabane" {drain, rF+ rC+}
   (You found it on level 11 of the Dungeon)

   rF:        It protects you from fire.
   rC:        It protects you from cold.
Missiles
 f - 27 javelins
 o - 42 poisoned darts
 w - 3 silver boomerangs
 L - a curare-tipped dart
 N - 27 boomerangs (quivered)
 T - 8 boomerangs of dispersal
 U - 3 silver javelins
 W - 7 throwing nets
Armour
 g - a +2 helmet of see invisible (worn)
 h - a scarf of repulsion (worn)
 i - a +1 scale mail of fire resistance
 k - a +1 plate armour of fire resistance
 l - a +2 buckler
 p - +1 pearl dragon scales (worn)
 r - a +1 kite shield of protection
 F - a +0 kite shield of reflection (worn)
 O - a +2 pair of gloves of stealth (worn)
 X - a +1 pair of boots (worn)
Magical Staves
 P - a staff of cold
Jewellery
 c - a ring of resist corrosion
 n - a ring of flight
 A - a ring of willpower
 B - a +6 ring of strength (right hand)
 J - the ring "Zommos" (left hand) {Wiz rPois Str-2 Dex+4}
   (You found it on level 10 of the Dungeon)

   [ring of wizardry]

   It improves your spell success rate.
   Str:       It affects your strength (-2).
   Dex:       It affects your dexterity (+4).
   rPois:     It protects you from poison.
 Q - a ring of ice
Wands
 u - a wand of polymorph (7)
 x - a wand of digging (8)
 E - a wand of roots (3)
 M - a wand of flame (19)
 Y - a wand of mindburst (1)
Scrolls
 m - 2 scrolls of fog
 y - 4 scrolls of magic mapping
 I - a scroll of blinking
 V - a scroll of amnesia
Miscellaneous
 e - a condenser vane
 G - a tin of tremorstones (2/2)
 R - a lightning rod (4/4)


   Skills:
 + Level 14.9 Fighting
 * Level 17.4 Axes
 - Level 2.0 Throwing
 - Level 6.3 Armour
 - Level 2.0 Dodging
 + Level 8.3 Shields
 + Level 8.8 Spellcasting
 + Level 7.1 Necromancy
 - Level 2.4 Fire Magic
 + Level 3.3 Evocations


You had 20 spell levels left.
You knew the following spells:

 Your Spells              Type           Power      Damage    Failure   Level
a - Scorch                Fire           36%        2d6       12%         2
b - Cigotuvi's Dreadful   Necr/Pois/Air  82%        N/A       12%         2
c - Animate Dead          Necr           71%        N/A       12%         4
d - Dispel Undead         Necr           71%        3d24      12%         4

Your spell library contained the following spells:

 Spells                   Type           Power      Damage    Failure   Level
 Vampiric Draining        Necr           71%        2d11      3%          3
 Foxfire                  Conj/Fire      52%        2x1d6     13%         1
 Magic Dart               Conj           32%        1d4       22%         1
 Slow                     Hex            32%        N/A       22%         1
 Sting                    Tmut/Pois      32%        1d4       22%         1
 Call Imp                 Summ           8%         N/A       32%         2
 Lesser Beckoning         Tloc           16%        N/A       32%         2
 Static Discharge         Conj/Air       16%        2-3/arc   32%         2
 Ignite Poison            Fire/Tmut/Pois 12%        N/A       41%         3
 Confusing Touch          Hex            8%         N/A       52%         3
 Gell's Gravitas          Tloc           8%         N/A       52%         3
 Mephitic Cloud           Conj/Pois/Air  8%         N/A       52%         3
 Ozocubu's Armour         Ice            8%         N/A       52%         3
 Teleport Other           Tloc           8%         N/A       52%         3
 Vhi's Electric Charge    Tloc/Air       16%        N/A       52%         3
 Death Channel            Necr           35%        N/A       85%         6
 Fireball                 Conj/Fire      6%         3d5       97%         5
 Arcjolt                  Conj/Air       4%         1d14      99%         5
 Lightning Bolt           Conj/Air       4%         1d15      99%         5
 Yara's Violent Unravell  Hex/Tmut       4%         3d4       99%         5
 Eringya's Noxious Bog    Tmut/Pois      4%         N/A       100%        6
 Starburst                Conj/Fire      6%         6d4       100%        6
 Haunt                    Necr/Summ      25%        N/A       100%        7
 Ozocubu's Refrigeration  Ice            4%         4d8       100%        7
 Summon Hydra             Summ           4%         N/A       100%        7
 Infestation              Necr           35%        N/A       100%        8
 Sublimation of Blood     Necr           Unusable   N/A       N/A         2
 Wereblood                Tmut           Unusable   N/A       N/A         2

Dungeon Overview and Level Annotations

Branches:
Dungeon (15/15)            Temple (1/1) D:7            Lair (5/5) D:9
  Swamp (0/4) Lair:2        Snake (1/4) Lair:2        Slime (0/5) Lair:5
    Orc (2/2) D:10            Elf (0/3) Orc:2        Vaults (0/5) D:13
 Depths (0/4) D:15        Volcano (visited)

Altars:
Ashenzari
Cheibriados
Dithmenos
Fedhas
Gozag
Hepliaklqana
Kikubaaqudgha
Makhleb
Nemelex Xobeh
Okawaru
Qazlal
Ru
Sif Muna
Trog
Uskayaw
Vehumet
Wu Jian
Xom
Yredelemnul

Shops:
D:5 *[   D:6 :   D:10 ([   Orc:2 [=(!!

Portals:
Trove: D:12 (show abyssal rune of Zot)

Annotations:
D:14 Louise
Orc:1 2 transporters, 2tousent's ghost, journeyman FeBe


Innate Abilities, Weirdness & Mutations

You are immune to poison.
Your flesh is cold resistant. (rC+)
You are immune to negative energy. (rN+++)
You are immune to unholy pain and torment.
You are vulnerable to heat. (rF-)
You are strongly in touch with the powers of death.
You do not drink.
You have a special connection with the divine. (Faith)


Message History

You are very lightly contaminated with residual magic.
Nothing appears to happen.
The shock serpent bites you but does no damage. x2
Casting: Scorch (safe; 12% risk of failure)
Confirm with . or Enter, or press ? or * to list all spells.
Flames lash the shock serpent.
The shock serpent is almost dead.
The shock serpent's fire resistance burns away.
The shock serpent bites you but does no damage.
Aiming: Fastroot
Press: ? - help, Shift-Dir - straight line, f/p - shock serpent
Aim: a shock serpent (almost dead, more vulnerable to fire)
The roots erupt in riotous growth!
Roots grab the shock serpent.
The grasping roots constrict the shock serpent.
You kill the shock serpent!
The air sparks with electricity, shocking you!
* * * LOW HITPOINT WARNING * * *
You start resting.
Your magical contamination has completely faded away.
You start resting.
Magic restored.
You start resting.
A naga warrior comes into view. It is wielding a +0 scimitar.
As you read the scroll of fear, it crumbles to dust.
You assume a fearsome visage.
The naga warrior looks frightened!
As you read the scroll of teleportation, it crumbles to dust.
You feel strangely unstable.
You start resting.
Your surroundings seem slightly different.
You see here 2 bubbling dark potions.
A shock serpent comes into view.
The shock serpent hisses angrily.
The naga warrior mutters, "Damn and blast!"
The shock serpent bites you!
* * * LOW HITPOINT WARNING * * *
The shock serpent shocks you!
* * * LOW HITPOINT WARNING * * *
The shock serpent bites you!
You die...

#.#.#.# #.# ##. #.##
#.....# #.# #. #.##
##..#### .N. .. #...
#..## #.# #. #..#
#.## ##### ##.## #..#
##.####...# #...#
#..#
#.)##.##)#####.####
##..#
#..##.##[##.##.##!#
##..##
#..##....(.S@.....#
####..###
#..##?##)##.##.##.#
#.#..## #
#..#####N#####.##.#
##..## # #.##
#...##....#####..## #
#####)######.########
#.N## ♣♣
#...#)...###'#
###.######♣~
..........##.#
...##...##...NN~
.............#
........>...###♣~
...........###
........##### ♣♣


You could see a shock serpent.

Vanquished Creatures
  A red draconian (Volcano)
  6 hydras
  Erica (D:8)
  A rakshasa (D:14)
  An ogre mage (Volcano)
  4 anacondas (Snake:1)
  11 centaur warriors
  4 boulder beetles
  9 two-headed ogres
  5 naga warriors
  5 tengu warriors
  9 orc high priests (Orc:2)
  A death yak (Lair:4)
  2 shock serpents (Snake:1)
  2 naga sharpshooters (Snake:1)
  A skeletal warrior (D:13)
  A sea snake (Snake:1)
  3 skysharks
  2 naga ritualists (Snake:1)
  Pikel (D:7)
  5 orc knights
  A lindwurm (Lair:3)
  A mana viper (Snake:1)
  2 deep elf pyromancers (D:15)
  A mana viper (shapeshifter) (D:13)
  A deep elf zephyrmancer (D:13)
  3 manticores
  3 salamanders (Snake:1)
  7 ugly things
  2 cyclopes
  18 elephants
  5 naga magi (Snake:1)
  12 black mambas
  12 cane toads
  11 rime drakes
  The ghost of nuthulu the Trooper, a novice GrFi (D:4)
  7 komodo dragons
  4 efreet
  2 burning bushes (Lair:3)
  5 meliai
  A merfolk (Snake:1)
  A polar bear (shapeshifter) (D:13)
  Prince Ribbit (D:5)
  6 trolls
  A hornet (D:11)
  Grinder (D:5)
  18 blink frogs
  10 dream sheep
  10 slime creatures
  The ghost of derval the Caller, an amateur OpSu (D:4)
  2 shadows (D:13)
  3 wyverns
  Sigmund (D:6)
  2 wraiths
  43 yaks
  The ghost of Leeroy the Slasher, an amateur VSWr of Makhleb (D:4)
  The ghost of LowRida the Digger, an amateur TrEE (D:4)
  4 basilisks
  A vampire (D:12)
  13 humans (D:13)
  Eustachio (D:4)
  4 vampire mosquitoes (Lair:2)
  10 steam dragons
  Grum (D:11)
  6 wargs
  Menkaure (D:6)
  11 nagas
  A harpy simulacrum (D:15)
  Edmund (D:5)
  4 acid dragons
  11 water moccasins
  A sky beast (D:6)
  A swamp drake (D:11)
  29 orc warriors
  3 ice beasts
  7 ogres
  18 wolves
  3 lemures
  5 centaurs
  5 kobold brigands
  7 bullfrogs
  A scorpion (D:4)
  8 wights
  A killer bee (D:11)
  The ghost of Rye the Trooper, a weakling HuMo (D:4)
  3 howler monkeys
  2 electric eels
  A jelly (D:7)
  3 hounds
  Crazy Yiuf (D:2)
  A gnoll bouda (D:7)
  33 orc priests
  Jessica (D:3)
  3 iguanas
  19 orc wizards
  12 hell rats
  A statue (D:3)
  4 gnolls (D:7)
  8 adders
  A worm (D:3)
  4 dart slugs
  81 orcs
  4 endoplasms
  A giant cockroach (D:2)
  8 hobgoblins
  6 jackals (D:1)
  3 quokkas
  7 ball pythons
  8 bats
  2 frilled lizards
  12 goblins
  27 kobolds
  6 rats
  A bush (D:2)
698 creatures vanquished.

Vanquished Creatures (collateral kills)
  2 centaur warriors
  2 naga warriors (Snake:1)
  A two-headed ogre (D:13)
  Urug (D:13)
  A naga sharpshooter (Snake:1)
  A mana viper (Snake:1)
  An elephant (Lair:5)
  A guardian serpent (Snake:1)
  A meliai (D:14)
  3 humans (D:13)
  A naga (Snake:1)
  4 orc warriors
  2 orc priests (Orc:2)
  5 orcs (Orc:2)
26 creatures vanquished.

Vanquished Creatures (others)
  A tengu warrior (D:14)
  2 shock serpents (Snake:1)
  2 anaconda zombies (Snake:1)
  2 centaur zombies
  A mana viper zombie (Snake:1)
  A merfolk zombie (Snake:1)
  2 tengu zombies (D:14)
  A naga (Snake:1)
  2 naga zombies (Snake:1)
  An elf zombie (D:13)
  A blink frog zombie (Lair:5)
  9 human zombies (D:13)
  2 ogre zombies (Orc:2)
  19 orc zombies
  18 foxfires (D:5)
  43 fungi
  77 plants
  A withered plant (D:14)
185 creatures vanquished.

Grand Total: 909 creatures vanquished

Notes
Turn   | Place    | Note
-------+----------+-------------------------------------------
     0 | D:1      | jt the Mummy Cinder Acolyte began the quest for the Orb.
     0 | D:1      | Reached XP level 1. HP: 18/18 MP: 2/2
   103 | D:1      | Reached XP level 2. HP: 18/24 MP: 4/4
   106 | D:1      | Learned a level 2 spell: Scorch
   520 | D:1      | Reached skill level 3 in Axes
   914 | D:1      | Found a faded altar of an unknown god.
  1157 | D:1      | Gained mutation: You are in touch with the powers of death.
                  | [Mummy growth]
  1157 | D:1      | Reached XP level 3. HP: 27/29 MP: 2/5
  1323 | D:2      | Found a runed translucent door.
  1324 | D:2      | Noticed Crazy Yiuf
  2691 | D:3      | Reached XP level 4. HP: 36/36 MP: 1/6
  3085 | D:3      | Found a radiant altar of Vehumet.
  3086 | D:3      | Noticed a charred statue
  3111 | D:3      | Noticed Jessica
  3114 | D:3      | Killed Jessica
  3238 | D:3      | Reached skill level 4 in Axes
  3238 | D:3      | Reached XP level 5. HP: 27/42 MP: 5/8
  3531 | D:4      | Reached skill level 1 in Dodging
  3569 | D:4      | Found a runed translucent gate.
  3570 | D:4      | Found a runed translucent gate.
  3570 | D:4      | Found a runed translucent gate.
  3571 | D:4      | Noticed LowRida's ghost (amateur TrEE)
  3571 | D:4      | Noticed Leeroy's ghost (amateur VSWr)
  3571 | D:4      | Noticed nuthulu's ghost (novice GrFi)
  3571 | D:4      | Noticed derval's ghost (amateur OpSu)
  3571 | D:4      | Noticed Rye's ghost (weakling HuMo)
  3823 | D:4      | Got Lamo's Folio of Repulsive Transfiguration
  3825 | D:4      | Noticed Eustachio
  4043 | D:4      | Noticed an orc warrior
  4155 | D:4      | an orc warrior changed into a wolf
  4155 | D:4      | Noticed a wolf
  4162 | D:4      | Killed a wolf
  4163 | D:4      | Reached XP level 6. HP: 4/49 MP: 0/9
  4378 | D:4      | Killed Eustachio
  4665 | D:4      | Reached skill level 5 in Axes
  4665 | D:4      | Reached skill level 1 in Throwing
  4665 | D:4      | Reached XP level 7. HP: 18/55 MP: 1/10
  5048 | D:5      | Entered Level 5 of the Dungeon
  5177 | D:5      | Noticed Edmund
  5261 | D:5      | Found a sacrificial altar of Ru.
  5282 | D:4      | Reached skill level 5 in Fighting
  5432 | D:5      | Noticed Prince Ribbit
  5565 | D:5      | Killed Prince Ribbit
  5566 | D:5      | Reached skill level 6 in Axes
  5851 | D:5      | Noticed Grinder
  5852 | D:5      | HP: 1/56 [Grinder (6)]
  5861 | D:5      | HP: 2/56 [orc wizard/puff of flame (1)]
  6197 | D:5      | Found Gaur's Antique Armour Boutique.
  6250 | D:5      | Identified a scroll of acquirement
  6250 | D:5      | Acquired a +0 vampiric broad axe
  6256 | D:5      | Killed Edmund
  6257 | D:5      | Reached XP level 8. HP: 39/64 MP: 1/11
  6391 | D:5      | Killed Grinder
  6392 | D:5      | Reached skill level 1 in Armour
  6528 | D:6      | Reached skill level 7 in Axes
  6546 | D:6      | Noticed Sigmund
  6772 | D:5      | Found Ykyrugh's CLEARANCE SALE!.
  7201 | D:6      | Found Yfanucae's Self-Improvement Boutique.
  7207 | D:6      | Noticed Menkaure
  7212 | D:6      | Killed Menkaure
  7291 | D:5      | Reached XP level 9. HP: 49/71 MP: 12/12
  7818 | D:6      | Killed Sigmund
  7898 | D:6      | Reached skill level 8 in Axes
  8216 | D:7      | Got the Verses on Turbulent Vitiation
  8698 | D:7      | Found a staircase to the Ecumenical Temple.
  8705 | Temple   | Entered the Ecumenical Temple
  8995 | D:7      | Found a hazy altar of Hepliaklqana.
  9449 | D:7      | Found a shadowy altar of Dithmenos.
  9451 | D:7      | Found a blossoming altar of Fedhas.
  9451 | D:7      | Found a basalt altar of Yredelemnul.
  9452 | D:7      | Found an ancient bone altar of Kikubaaqudgha.
  9452 | D:7      | Found a shimmering altar of Xom.
  9452 | D:7      | Found an opulent altar of Gozag.
  9650 | D:7      | Noticed Pikel
  9677 | D:7      | Killed Pikel
  9966 | D:8      | Reached skill level 9 in Axes
 10212 | D:8      | Noticed Erica
 10223 | D:8      | Killed Erica
 10224 | D:8      | Reached XP level 10. HP: 70/80 MP: 9/13
 10691 | D:8      | Noticed a two-headed ogre
 10710 | D:8      | Killed a two-headed ogre
 11221 | D:8      | Reached skill level 5 in Armour
 11407 | D:9      | Reached skill level 10 in Axes
 11441 | D:9      | Found a staircase to the Lair.
 11803 | D:9      | Found a burning altar of Makhleb.
 12049 | Lair:1   | Entered Level 1 of the Lair of Beasts
 12116 | Lair:1   | Noticed a cane toad
 12119 | Lair:1   | Noticed a cane toad
 12481 | D:10     | Entered Level 10 of the Dungeon
 13196 | D:10     | Reached XP level 11. HP: 62/89 MP: 14/14
 13205 | D:10     | Reached skill level 11 in Axes
 13376 | D:10     | Found Xoihy's Armour Shoppe.
 13376 | D:10     | Found a staircase to the Orcish Mines.
 13379 | D:10     | Found Gupt's Weapon Shoppe.
 13550 | D:10     | Identified the ring "Zommos" {Wiz rPois Str-2 Dex+4}
 14250 | D:11     | Noticed a boulder beetle
 14257 | D:11     | Killed a boulder beetle
 14309 | D:11     | Noticed Grum
 14318 | D:11     | Killed Grum
 14770 | D:10     | Bought a +1 pair of gloves of stealth for 231 gold pieces
 14778 | Orc:1    | Entered Level 1 of the Orcish Mines
 14778 | Orc:1    | Noticed an orc knight
 14786 | Orc:1    | Reached skill level 10 in Fighting
 14960 | Orc:1    | Found a transporter.
 14963 | Orc:1    | Found a transporter.
 14963 | Orc:1    | Noticed 2tousent's ghost (journeyman FeBe)
 14965 | Orc:1    | Noticed an orc warlord
 14966 | Orc:1    | Noticed an orc sorcerer
 15321 | Orc:2    | Entered Level 2 of the Orcish Mines
 15434 | Orc:2    | Noticed an orc knight
 15845 | D:2      | Killed Crazy Yiuf
 16012 | D:4      | Killed Rye's ghost
 16029 | D:4      | Killed nuthulu's ghost
 16029 | D:4      | Killed derval's ghost
 16045 | D:4      | Killed Leeroy's ghost
 16271 | D:4      | Killed LowRida's ghost
 16272 | D:4      | Reached skill level 1 in Necromancy
 16567 | D:10     | Learned a level 2 spell: Cigotuvi's Dreadful Rot
 16789 | D:11     | Reached skill level 12 in Axes
 17222 | D:11     | Noticed a centaur warrior
 17252 | D:11     | Killed a centaur warrior
 17736 | D:11     | Identified the +8 halberd "Hydrabane" {drain, rF+ rC+}
 19217 | D:11     | Found an iron altar of Okawaru.
 19217 | D:11     | Noticed an orc knight
 19397 | D:11     | Reached XP level 12. HP: 79/94 MP: 18/18
 19647 | Lair:1   | Reached skill level 1 in Evocations
 19990 | Lair:1   | Reached skill level 5 in Spellcasting
 20427 | Lair:2   | Noticed a seven-headed hydra
 20447 | Lair:2   | Killed a one-headed hydra
 20612 | Lair:2   | Noticed a seven-headed hydra
 21203 | Lair:2   | Reached skill level 13 in Axes
 21641 | Lair:3   | Noticed a five-headed hydra
 21657 | Lair:3   | Killed a one-headed hydra
 21937 | Lair:3   | Found a dark tunnel.
 22057 | Volcano  | Entered a volcano
 22096 | Volcano  | Noticed a red draconian
 22096 | Volcano  | Noticed a two-headed ogre
 22102 | Volcano  | Killed a two-headed ogre
 22109 | Volcano  | Killed a red draconian
 22283 | Volcano  | Noticed a two-headed ogre
 22284 | Volcano  | Noticed an ogre mage
 22284 | Volcano  | Noticed a two-headed ogre
 22286 | Volcano  | Paralysed by an ogre mage for 2 turns
 22299 | Volcano  | Killed an ogre mage
 22300 | Volcano  | Killed a two-headed ogre
 22300 | Volcano  | Killed a two-headed ogre
 22301 | Volcano  | Gained mutation: You are strongly in touch with the powers
                  | of death. [Mummy growth]
 22301 | Volcano  | Reached XP level 13. HP: 101/107 MP: 21/21
 22663 | Lair:2   | Reached skill level 14 in Axes
 23095 | Lair:2   | Found a staircase to the Swamp.
 23216 | Lair:2   | Identified the +8 flail of Shame {freeze, rF+}
 23421 | Lair:2   | Found a staircase to the Snake Pit.
 25055 | Lair:4   | Learned a level 4 spell: Animate Dead
 25211 | Lair:4   | Identified the +8 halberd "Imipp" {heavy, Str+4 Int+3}
 26362 | Lair:5   | Entered Level 5 of the Lair of Beasts
 26381 | Lair:5   | Reached skill level 15 in Axes
 26397 | Lair:5   | Found a staircase to the Slime Pits.
 26891 | Orc:2    | Found Roxif's Antique Weapon Emporium.
 27111 | Orc:2    | Found Hyf Eclek's Distillery.
 27118 | Orc:2    | Reached XP level 14. HP: 117/118 MP: 22/22
 27137 | Orc:2    | Found Suatzott's Distillery.
 27241 | Orc:2    | Found a staircase to the Elven Halls.
 27866 | Orc:2    | Found Fierucov's Jewellery Boutique.
 27866 | Orc:2    | Found Qepladda's Antique Armour Shoppe.
 27891 | Orc:2    | Bought a glowing buckler for 172 gold pieces
 28106 | D:6      | Bought a manual of Shields for 1120 gold pieces
 28968 | Lair:5   | Reached skill level 1 in Shields
 30212 | Lair:5   | Reached skill level 16 in Axes
 31284 | D:12     | Reached skill level 5 in Shields
 31402 | D:12     | Acquired a book of Decay
 31840 | D:12     | Found a portal to a secret trove of treasure.
 32013 | D:13     | Learned a level 4 spell: Dispel Undead
 32151 | D:13     | Noticed Urug
 32192 | D:13     | Killed Urug
 32209 | D:13     | Your ally Urug died
 32304 | D:13     | Found a gate to the Vaults.
 32406 | D:13     | Reached XP level 15. HP: 123/126 MP: 24/24
 32494 | D:13     | Reached skill level 5 in Necromancy
 33528 | D:13     | You fall into a shaft and drop 2 floors!
 33528 | D:15     | Entered Level 15 of the Dungeon
 34335 | D:14     | Found an ancient bone altar of Kikubaaqudgha.
 34823 | D:14     | Noticed Louise
 36142 | D:13     | Reached skill level 17 in Axes
 37216 | Snake:1  | Entered Level 1 of the Snake Pit
 38176 | Snake:1  | Reached XP level 16. HP: 134/134 MP: 28/28
 39142 | Snake:1  | Slain by a shock serpent

Illustrated notes

Levels and vault maps discovered:
D:1:      scummos_arrival_star, layout_basic,
          hellmonk_ecumenical_altar_leap_of_faith, minmay_misc_feat_iff
D:2:      layout_loops_ring, serial_forest, infiniplex_forest_lined_2,
          infiniplex_forest_clump_curved, infiniplex_forest_end_3,
          infiniplex_forest_zigzag_2, infiniplex_forest_straight_1,
          infiniplex_forest_corner_1, infiniplex_forest_pool,
          uniq_crazy_yiuf_cottage
D:3:      layout_rooms, vehumet_statue, uniq_jessica
D:4:      layout_basic, gammafunk_ghost_cemetery, uniq_eustachio
D:5:      layout_basic, mainiacjoe_overflow_cross_hatched, serial_shops,
          nicolae_lakefront_shop, nicolae_shop_clearance, uniq_edmund,
          uniq_prince_ribbit1, uniq_grinder
D:6:      layout_layer_cave, nicolae_shop_self_help, uniq_sigmund, uniq_menkaure
D:7:      layout_basic, grunt_temple_overflow_open,
          mainiacjoe_overflow_24_doors, minmay_temple_entry_slanted, uniq_pikel
D:8:      layout_cave_pods, kennysheep_generic_room_2, uniq_erica
D:9:      layout_cave_pools, mainiacjoe_overflow_catwalk, lair_entry_dummy,
          hangedman_abyss_or_decor_jellyfish_corner, nrook_mini_vaults,
          item_on_display_a
D:10:     layout_roguey, orc_david_3, lemuel_flame_loot_1
D:11:     evilmike_iron_armoury, layout_loops_ring, uniq_grum
D:12:     layout_long_grid, trove_entry_hex_spiral
D:13:     layout_small_grid, david_vaults_3, minivault_16, nzn_random_ring,
          uniq_urug
D:14:     layout_irregular_city, kiku_gazebo_garden_becter, uniq_louise
D:15:     grunt_enter_depths_snipers, layout_loops_ring,
          serial_co_window_serial, co_window_corner_a, co_window_corner_a,
          co_window_paths_b, co_window_corner_a, co_window_paths_b,
          co_window_of_opportunity_b, co_window_of_opportunity_c,
          co_window_cross_3, co_window_broadway_b, co_window_4corner_a
Temple:   grunt_temple_mini_profane
Lair:1:   layout_chaotic_city
Lair:2:   layout_small_grid, minmay_swamp_entry_swarm,
          guppyfry_snake_entry_island, bobbens_dragon_lair_wall
Lair:3:   layout_cave_pods, nicolae_volcano_entry_vermiform,
          chequers_serial_rivers_micro_e, evilmike_ambush
          [evilmike_ambush_outer_pillars, evilmike_ambush_inner_wall_2],
          lemuel_fruit_fields, serial_bayou_shore_b
Lair:4:   layout_cave_pods, minivault_19, serial_bayou_shore_b,
          infiniplex_staircase_pool_2, serial_bayou_shore_a
Lair:5:   hangedman_lair_in_review, layout_small_grid,
          dpeg_slime_entry_enclosed, chequers_serial_rivers_large_b,
          serial_bayou_ford_a, dreamdust_deal_with_the_devil,
          nicolae_lair_lil_pond, lemuel_fruit_tree
Snake:1:  hangedman_cross_veins, layout_rooms, ebering_ghost_xom,
          serial_bayou_pond_b, serial_bayou_crossing, uniq_aizul
Orc:1:    layout_caves, gammafunk_ghost_arena, uniq_harold, uniq_jorgrun,
          uniq_nergalle
Orc:2:    st_orc_town, layout_diamond_mine, serial_shops,
          nicolae_shop_temple_entry_statues_fountains, basic_altar

Skill      XL: |  1  2  3  4  5  6  7  8  9 10 11 12 13 14 15 16 |
---------------+-------------------------------------------------+-----
Axes           | 3 4 5 6 7 9 10 12 13 15 16 17 | 17.4
Spellcasting   | 2 4 5 6 8 |  8.8
Fighting       | 4 5 6 8 9 10 11 13 14 | 14.9
Dodging        | 1 2 |  2.0
Throwing       | 1 2 |  2.0
Armour         | 2 4 5 6 |  6.3
Necromancy     | 3 4 6 7 |  7.1
Evocations     | 3 |  3.3
Shields        | 5 8 |  8.3
Fire Magic     | |  2.4

Action                     |  1- 3 |  4- 6 |  7- 9 | 10-12 | 13-15 | 16-18 || total
---------------------------+-------+-------+-------+-------+-------+-------++-------
  Melee: Hand axe          |    53 |    46 |   275 |   157 |    20 |       ||   551
         Punch             |       |       |     5 |    11 |     4 |       ||    20
         Broad axe         |       |       |       |   618 |  1542 |   105 ||  2265
         Halberd           |       |       |       |    12 |    31 |       ||    43
         Trident           |       |       |       |     9 |       |       ||     9
         Demon trident     |       |       |       |       |    26 |       ||    26
         Flail             |       |       |       |       |     4 |       ||     4
   Fire: Arbalest          |       |       |       |       |     1 |       ||     1
  Throw: Stone             |     2 |       |    10 |     1 |     3 |       ||    16
         Javelin           |     3 |     1 |    17 |    68 |    89 |       ||   178
         Dart              |       |    22 |    39 |   167 |    47 |     1 ||   276
         Boomerang         |       |       |       |       |    37 |    13 ||    50
   Cast: Scorch            |    38 |    52 |    66 |    30 |    12 |     1 ||   199
         Cigotuvi's Dreadf |       |       |       |     2 |       |       ||     2
         Animate Dead      |       |       |       |       |     9 |       ||     9
         Dispel Undead     |       |       |       |       |     2 |       ||     2
 Invoke: Fiery Armour      |       |     2 |     6 |     3 |       |       ||    11
         Foxfire Swarm     |       |       |     1 |       |       |       ||     1
  Evoke: Wand              |       |     1 |       |     9 |    21 |     8 ||    39
         Tin of tremorston |       |       |       |     4 |     2 |       ||     6
         Lightning rod     |       |       |       |       |     4 |       ||     4
    Use: Scroll            |       |     1 |    18 |    13 |    22 |     4 ||    58
   Stab: Distracted        |       |       |       |       |     1 |       ||     1
 Armour: Robe              |    11 |       |       |       |       |       ||    11
         Leather armour    |     9 |    23 |    13 |       |       |       ||    45
         Pearl dragon scal |       |       |   124 |   410 |   968 |    58 ||  1560
         Plate armour      |       |       |       |    26 |     1 |       ||    27
  Dodge: Dodged            |    41 |    60 |   132 |   372 |   655 |    33 ||  1293
         Repelled          |       |       |     2 |     4 |    23 |     2 ||    31
  Block: Buckler           |       |       |       |       |   304 |       ||   304
         Kite shield       |       |       |       |       |   124 |    64 ||   188
         Reflection        |       |       |       |       |    16 |     5 ||    21

Table legend: (Time is in decaauts)
 A = Elapsed time spent in this place.
 B = Non-inter-level travel time spent in this place.
 C = Inter-level travel time spent in this place.
 D = Time resting spent in this place.
 E = Time spent auto-exploring this place.
 F = Levels seen in this place.
 G = Mean time per level.
                   A        B        C        D        E       F      G
               +--------+--------+--------+--------+--------+-----+--------+
         Total |  39045 |  36009 |   3036 |  12926 |   9881 |  25 | 1561.8 |
       Dungeon |  25258 |  23129 |   2129 |   8584 |   5956 |  15 | 1683.9 |
        Temple |    211 |    175 |     36 |      0 |    169 |   1 |  211.0 |
          Lair |   9284 |   8628 |    656 |   3186 |   2670 |   5 | 1856.8 |
     Snake Pit |   1476 |   1471 |      5 |    474 |    313 |   1 | 1476.0 |
  Orcish Mines |   2435 |   2226 |    209 |    536 |    739 |   2 | 1217.5 |
       Volcano |    379 |    379 |      0 |    145 |     34 |   1 |  379.0 |
               +--------+--------+--------+--------+--------+-----+--------+

Top non-repeatable levels by time:
    D:13: 2915 daAuts
    D:11: 2866 daAuts
    D:10: 2579 daAuts
  Lair:2: 2537 daAuts
  Lair:4: 2229 daAuts
     D:5: 2025 daAuts
     D:4: 2000 daAuts
     D:9: 1872 daAuts
  Lair:1: 1743 daAuts
   Orc:2: 1653 daAuts
     D:2: 1619 daAuts
     D:7: 1588 daAuts
    D:12: 1570 daAuts
     D:8: 1551 daAuts
 Snake:1: 1476 daAuts
